 Dungeon Sprint DCSS version 0.31-a0-844-gdc52ec4e09 (webtiles) character file.

Game seed: 7558199335484353151

9 sircluck the Ruffian (level 2, -14/46 HPs)
             Began as a Troll Berserker on Sept 28, 2023.
             Was a Follower of Trog.
             Demolished by a snapping turtle (21 damage)
             ... in the Dungeon (Sprint VII: "The Pits").
             The game lasted 00:00:20 (77 turns).

sircluck the Ruffian (Troll Berserker)                Turns: 77, Time: 00:00:21

Health: -14/46     AC:  4    Str: 24    XL:     2   Next: 6%
Magic:  1/1        EV: 10    Int:  3    God:    Trog [*.....]
Gold:   0          SH:  0    Dex:  9    Spells: 1/1 levels left

rFire   . .          .
                       - Unarmed
rCold   . . .        (no shield)
rNeg    . . .        a - +0 animal skin
rPois   .            (helmet restricted)
rElec   .            (no cloak)
rCorr   .            (gloves unavailable)
SInv    .            (boots unavailable)
Will    .....        (no amulet) Stlth
                     (no ring)
HPRegen 1.07/turn    (no ring)
MPRegen 0.07/turn

%: no teleportation
@: berserking (expiring), very quick
A: large, unfitting armour, claws 3, regeneration 1, shaggy fur 1, tough skin 1
a: Renounce Religion, Berserk


You were in the Dungeon.
You worshipped Trog.
Trog was aware of your devotion.
You visited 1 branch

Inventory:

Armour
 a - a +0 animal skin (worn)
Scrolls
 g - a scroll of blinking
Potions
 b - a potion of curing
 c - a potion of heal wounds
 d - a potion of haste
 e - 2 potions of magic
 f - a potion of berserk rage


   Skills:
 + Level 3.1 Fighting
 + Level 3.1 Dodging
 + Level 3.8 Unarmed Combat


You had one spell level left.
You didn't know any spells.
Your spell library was empty.

Dungeon Overview and Level Annotations

Branches:
Dungeon (1/1)

Altars:


Innate Abilities, Weirdness & Mutations

You are too large for most types of armour.
You have claws for hands.
Your natural rate of healing is unusually fast.
You are covered in fur. (AC +1)
You have tough skin. (AC +1)


Message History

You claw the gnoll!
You kill the gnoll!
Trog accepts your kill.
The snapping turtle bites you from afar!
Ouch! That really hurt!
* * * LOW HITPOINT WARNING * * *
Your Fighting skill increases to level 3!
Your Dodging skill increases to level 3!
You have reached level 2!
Unknown command.
Unknown command.
Unknown command.
The snapping turtle attacks as it pursues you!
The snapping turtle bites you but does no damage.
You see here a +0 club.
A red film seems to cover your vision as you go berserk!
You feel yourself moving faster!
You feel mighty!
You feel a strong urge to attack something.
You barely miss the snapping turtle. The snapping turtle bites you!
* * * LOW HITPOINT WARNING * * *
You scratch the snapping turtle but do no damage.
You claw the snapping turtle!
The snapping turtle is lightly wounded.
The snapping turtle bites you.
* * * LOW HITPOINT WARNING * * *
You scratch the snapping turtle but do no damage.
The snapping turtle is lightly wounded.
The snapping turtle closely misses you.
You claw the snapping turtle!
The snapping turtle is moderately wounded.
You scratch the snapping turtle.
The snapping turtle is moderately wounded.
The snapping turtle bites you.
* * * LOW HITPOINT WARNING * * *
You claw the snapping turtle!
The snapping turtle is heavily wounded.
You scratch the snapping turtle but do no damage.
The snapping turtle is heavily wounded.
The snapping turtle bites you!!
You die...

####### #+##......
+.##......
##########.##......
#.@t.......)'......
#+#####+#####......
#...... ####'##
#...... #......
#...... #...<..
#......


You could see a snapping turtle.

Vanquished Creatures
  A gnoll (D)
1 creature vanquished.

Notes
Turn   | Place    | Note
-------+----------+-------------------------------------------
     0 | D        | sircluck the Troll Berserker began the quest for the Orb.
     0 | D        | Reached XP level 1. HP: 22/22 MP: 0/0
    24 | D        | Noticed a snapping turtle
    54 | D        | HP: 1/22 [snapping turtle (14)]
    55 | D        | Reached XP level 2. HP: 1/31 MP: 1/1
    77 | D        | Demolished by a snapping turtle

Illustrated notes

Levels and vault maps discovered:
D:        pitsprint [storerooms_1, entrance_room_1, metal_vault_6, armoury_1,
          mini_pit_1, grid_room_1, main_hall_1, silver_pit, the_coven_1,
          the_vestibule_1, steel_vault_1, golden_pit, hallway_of_sentries,
          crystal_vault_2, iron_vault_2, final_vault]

Skill      XL: |  1 |
---------------+----+-----
Fighting       | 3 |  3.1
Dodging        | 3 |  3.1
Unarmed Combat | |  3.8

Action                     || total
---------------------------++-------
  Melee: Unarmed           ||    19
 Invoke: Berserk           ||     1
 Armour: Animal skin       ||    12
  Dodge: Dodged            ||     6

Table legend: (Time is in decaauts)
 A = Elapsed time spent in this place.
 B = Non-inter-level travel time spent in this place.
 C = Inter-level travel time spent in this place.
 D = Time resting spent in this place.
 E = Time spent auto-exploring this place.
 F = Levels seen in this place.
 G = Mean time per level.
                   A        B        C        D        E       F      G
               +--------+--------+--------+--------+--------+-----+--------+
         Total |     73 |     73 |      0 |      0 |      0 |   1 |   73.0 |
       Dungeon |     73 |     73 |      0 |      0 |      0 |   1 |   73.0 |
               +--------+--------+--------+--------+--------+-----+--------+

Top non-repeatable levels by time:
       D: 73 daAuts
